 Dungeon Crawl Stone Soup version 0.31-a0-949-g57150269e1 (webtiles) character file.

Game seed: 13552689401657305502

110 pokeman the Magician (level 4, 0/25 HPs)
             Began as a Deep Elf Hedge Wizard on Oct 22, 2023.
             Slain by Terence
             ... wielding a +4 flail of protection
              (11 damage)
             ... on level 3 of the Dungeon.
             The game lasted 00:03:46 (2848 turns).

pokeman the Magician (Deep Elf Hedge Wizard)        Turns: 2848, Time: 00:03:47

Health: 0/25       AC:  4    Str:  7    XL:     4   Next: 61%
Magic:  6/13       EV: 12    Int: 21    God:
Gold:   150        SH:  0    Dex: 14    Spells: 6/14 levels left

rFire   . . .        a - +0 dagger
rCold   . . .        (no shield)
rNeg    . . .        b - +0 robe
rPois   .            c - +0 hat
rElec   .            s - +1 cloak
rCorr   .            (no gloves)
SInv    .            (no boots)
Will    .....        (no amulet)
Stlth   ++           (no ring)
HPRegen 0.24/turn    (no ring)
MPRegen 0.13/turn

%: no passive effects
@: no status effects
A: no striking features
a: no special abilities


You were on level 3 of the Dungeon.
You visited 1 branch of the dungeon, and saw 3 of its levels.

You collected 150 gold pieces.

Inventory:

Hand Weapons
 a - a +0 dagger (weapon)
Armour
 b - a +0 robe (worn)
 c - a +0 hat (worn)
 s - a +1 cloak (worn)
Magical Staves
 k - a staff of earth
Scrolls
 f - a scroll of torment {unknown}
 h - 3 scrolls of brand weapon {unknown}
 i - a scroll of immolation {unknown}
 l - 2 scrolls of noise {unknown}
 m - 3 scrolls of vulnerability {unknown}
 o - a scroll of blinking {unknown}
 p - a scroll of teleportation {unknown}
 q - 3 scrolls of enchant weapon {unknown}
 r - a scroll of fog {unknown}
Potions
 d - a potion of magic
 e - 3 potions of resistance {unknown}
 g - 2 potions of curing {unknown}
 j - 2 potions of invisibility {unknown}
 n - a potion of lignification {unknown}


   Skills:
 - Level 1.0 Fighting
 - Level 1.0 Armour
 + Level 2.8 Dodging
 + Level 2.9 Stealth
 * Level 5.8 Spellcasting
 + Level 2.3 Conjurations
 - Level 1.1 Summonings
 - Level 1.1 Translocations


You had 6 spell levels left.
You knew the following spells:

 Your Spells              Type           Power      Damage    Failure   Level
a - Magic Dart            Conj           60%        1d6       3%          1
b - Mephitic Cloud        Conj/Pois/Air  9%         N/A       22%         3
c - Call Imp              Summ           20%        N/A       10%         2
d - Blink                 Tloc           20%        N/A       10%         2

Your spell library contained the following spells:

 Spells                   Type           Power      Damage    Failure   Level
 Slow                     Hex            24%        N/A       10%         1
 Cigotuvi's Dreadful Rot  Necr/Pois/Air  12%        N/A       16%         2
 Ensorcelled Hibernation  Hex/Ice        12%        N/A       16%         2
 Passwall                 Tmut/Erth      5%         N/A       16%         2
 Ozocubu's Armour         Ice            6%         N/A       30%         3
 Swiftness                Air            6%         N/A       30%         3
 Ozocubu's Refrigeration  Ice            3%         4d8       100%        7


Dungeon Overview and Level Annotations

Branches:
Dungeon (3/15)

Altars:

Shops:
D:1 !

Annotations:
D:3 1 runed translucent door, Terence; mortress's ghost, amateur DrSh


Message History

You hit Terence but do no damage.
Terence is moderately wounded.
A rat and an orc come into view.
The orc shouts!
You hear a shout!
An orc comes into view. It is wielding a +0 club.
Terence hits you with a +4 flail of protection!
Terence hits himself but does no damage.
You completely miss Terence.
Terence is moderately wounded.
You completely miss Terence.
Terence is moderately wounded.
Casting: Mephitic Cloud (extremely dangerous; 22% risk of failure)
Confirm with . or Enter, or press ? or * to list all spells.
Aiming: Mephitic Cloud (extremely dangerous; 22% risk of failure)
Press: ? - help, Shift-Dir - straight line, f - orc, p - Terence
Aim: an orc, wielding a +0 whip and wearing a +0 leather armour (chance to affect: 96%)
The ball explodes into a vile cloud!
The stinking cloud engulfs the orc but does no damage.
The stinking cloud engulfs Terence but does no damage.
Terence is moderately wounded.
You hear an angry hiss.
The orc is engulfed in noxious fumes.
The orc appears confused.
The orc hits Terence with a +0 whip.
Unknown command.
Unknown command.
Unknown command.
Casting: Mephitic Cloud (extremely dangerous; 22% risk of failure)
Confirm with . or Enter, or press ? or * to list all spells.
A tiny devil pulls itself out of the air.
Terence is engulfed in noxious fumes.
Terence appears confused.
Terence hits you with a +4 flail of protection.
An orc comes into view. It is wielding a +0 dagger.
The orc is engulfed in noxious fumes.
The orc appears confused.
The orc hits Terence but does no damage.
Unknown command.
Unknown command.
The orc is engulfed in noxious fumes.
The orc appears confused.
Terence ponders the situation.
Terence hits you with a +4 flail of protection!
You die...

#.# #.###.# #.#
#.##<.# #.#
#....## #.#
####..# ...
#.....# # .
#.###.# ## .!
##.# #|# #. ...
########..#
#.#####. ....
#.@@5....##
#...(##. .....
######.########
####....
......#....o.#
####.
.........o...#
##
.....@#......#
#. .....
######## #.
.... #. ... #.
.@ #.


You could see Terence (confused, ally target), 2 orcs and a friendly cerulean
imp (summoned).

Vanquished Creatures
  Jessica (D:2)
  An adder (D:3)
  A worm (D:3)
  2 dart slugs (D:3)
  An orc (D:3)
  5 ball pythons
  5 endoplasms
  A giant cockroach (D:1)
  5 goblins
  10 hobgoblins
  4 jackals (D:2)
  4 quokkas
  6 bats
  3 frilled lizards
  7 kobolds
  3 rats
59 creatures vanquished.

Notes
Turn   | Place    | Note
-------+----------+-------------------------------------------
     0 | D:1      | pokeman the Deep Elf Hedge Wizard began the quest for the
                  | Orb.
     0 | D:1      | Reached XP level 1. HP: 10/10 MP: 7/7
    46 | D:1      | You fall into a shaft and drop 1 floor!
   362 | D:2      | Reached XP level 2. HP: 16/16 MP: 5/9
   718 | D:2      | Noticed Jessica
   728 | D:2      | Killed Jessica
   729 | D:2      | Reached skill level 5 in Spellcasting
   729 | D:2      | Reached XP level 3. HP: 14/20 MP: 0/11
   882 | D:1      | Reached skill level 1 in Fighting
   882 | D:1      | Reached skill level 1 in Armour
   896 | D:1      | Learned a level 3 spell: Mephitic Cloud
   899 | D:1      | Learned a level 2 spell: Call Imp
   902 | D:1      | Learned a level 2 spell: Blink
  1152 | D:1      | Found Noodatel's Distillery.
  1567 | D:2      | Reached XP level 4. HP: 25/25 MP: 10/13
  2295 | D:3      | Found a runed translucent door.
  2761 | D:3      | Noticed mortress's ghost (amateur DrSh)
  2817 | D:3      | Noticed Terence
  2848 | D:3      | Slain by Terence

Illustrated notes

Levels and vault maps discovered:
D:1:      heliophobic_arrival_henge, layout_rooms, serial_shops, shop
D:2:      layout_basic, hangedman_glass_teeth, interstate_on_off, uniq_jessica
D:3:      layout_rooms, ebering_ghost_sewer_d, uniq_terence

Skill      XL: |  1  2  3 |
---------------+----------+-----
Spellcasting   | 5 |  5.8
Fighting       | 1 |  1.0
Armour         | 1 |  1.0
Conjurations   | 2 |  2.3
Dodging        | |  2.8
Stealth        | |  2.9
Summonings     | |  1.1
Translocations | |  1.1

Action                     |  1- 3 |  4- 6 || total
---------------------------+-------+-------++-------
  Melee: Dagger            |    21 |     6 ||    27
   Cast: Magic Dart        |    82 |    61 ||   143
         Mephitic Cloud    |       |     2 ||     2
         Call Imp          |       |     1 ||     1
   Stab: Confused          |       |     1 ||     1
 Armour: Robe              |    13 |     9 ||    22
  Dodge: Dodged            |    22 |     8 ||    30

Table legend: (Time is in decaauts)
 A = Elapsed time spent in this place.
 B = Non-inter-level travel time spent in this place.
 C = Inter-level travel time spent in this place.
 D = Time resting spent in this place.
 E = Time spent auto-exploring this place.
 F = Levels seen in this place.
 G = Mean time per level.
                   A        B        C        D        E       F      G
               +--------+--------+--------+--------+--------+-----+--------+
         Total |   2846 |   2837 |      9 |      0 |   2501 |   3 |  948.7 |
       Dungeon |   2846 |   2837 |      9 |      0 |   2501 |   3 |  948.7 |
               +--------+--------+--------+--------+--------+-----+--------+

Top non-repeatable levels by time:
     D:2: 1471 daAuts
     D:3: 742 daAuts
     D:1: 632 daAuts
